 Dungeon Crawl Stone Soup version 0.21.0 (webtiles) character file.

134 Hekarica the Ducker (level 5, -9/42 HPs)
             Began as a Merfolk Monk on May 19, 2018.
             Mangled by Natasha (15 damage)
             ... on level 3 of the Dungeon.
             The game lasted 00:11:21 (2200 turns).

Hekarica the Ducker (Merfolk Monk)                  Turns: 2200, Time: 00:11:27

Health: -9/42      AC:  3    Str: 12    XL:     5   Next: 17%
Magic:  5/5        EV: 16    Int: 10    God:
Gold:   124        SH:  0    Dex: 16    Spells: 4/4 levels left

rFire    . . .     SeeInvis .     - Unarmed
rCold    . . .     Gourm    .   (no shield)
rNeg     . . .     Faith    .   a - +0 robe
rPois    .         Spirit   .   (no helmet)
rElec    .         Reflect  .   (no cloak)
rCorr    .         Harm     .   (no gloves)
MR       .....                  e - +0 pair of boots
Stlth    +++.......             (no amulet)
HPRegen  0.14/turn              m - ring of stealth
MPRegen  0.09/turn              (no ring)

@: berserk cooldown, slowed, very slow
A: change form in water, swift swim, stealthy swim
a: no special abilities


You were on level 3 of the Dungeon.
You were not hungry.

You visited 1 branch of the dungeon, and saw 3 of its levels.

You collected 124 gold pieces.

Inventory:

Armour
 a - a +0 robe (worn)
 e - a +0 pair of boots (worn)
Jewellery
 m - a ring of stealth (left hand)
Scrolls
 c - a scroll of magic mapping {unknown}
 f - 4 scrolls of identify
 g - a scroll of teleportation {unknown}
 h - a scroll of noise {unknown}
 i - 2 scrolls of blinking {unknown}
 o - a scroll of fog {unknown}
 p - a scroll of immolation {unknown}
 r - a scroll of amnesia {unknown}
 s - a scroll of remove curse {unknown}
Potions
 d - a potion of lignification {unknown}
 j - a potion of curing {unknown}
 k - 2 potions of flight {unknown}
 l - 2 potions of heal wounds {unknown}
 n - a potion of magic {unknown}
 t - a potion of agility {unknown}
Comestibles
 b - 7 rations


   Skills:
 + Level 4.1 Fighting
 * Level 6.0 Dodging
 - Level 2.1 Stealth
 + Level 4.2 Unarmed Combat


You had 4 spell levels left.
You didn't know any spells.

Dungeon Overview and Level Annotations

Branches:
Dungeon (3/15)

Altars:
Vehumet

Annotations:
D:3 Natasha


Message History

Natasha is moderately wounded.
Natasha claws you.
You hit Natasha.
Natasha is heavily wounded.
Natasha claws you!
You barely miss Natasha.
Natasha is heavily wounded.
Natasha extends her claws.
Natasha claws you but does no damage. Natasha claws you!
* * * LOW HITPOINT WARNING * * *
You closely miss Natasha.
Natasha is heavily wounded.
Natasha closely misses you.
You hit Natasha.
Natasha is almost dead.
The iron imp disappears in a puff of smoke!
Natasha wildly gestures.
You feel troubled. Natasha claws you!
You die...

.... .##
### #.
..# # #.
#.# #.#.
#.# #.#.
#ยง# #...
#h# ###.
#@#
..###.
#.#
#.<...
#.#
#####.
#.# ##
#.# #.#.#
#.#.#####
#.#.....#
#.#####.#


You could see Natasha.

Vanquished Creatures
  A worker ant (D:3)
  4 adders
  An ooze (D:3)
  A worm (D:3)
  2 dart slugs (D:1)
  A leopard gecko (D:2)
  3 giant cockroaches
  5 goblins
  11 hobgoblins
  8 jackals
  A quokka (D:2)
  7 bats
  2 frilled lizards
  6 kobolds
  8 rats
61 creatures vanquished.

Vanquished Creatures (others)
  14 toadstools (D:1)
14 creatures vanquished.

Grand Total: 75 creatures vanquished

Notes
Turn   | Place    | Note
-------+----------+-------------------------------------------
     0 | D:1      | Hekarica the Merfolk Monk began the quest for the Orb.
     0 | D:1      | Reached XP level 1. HP: 18/18 MP: 1/1
   196 | D:1      | Reached XP level 2. HP: 22/24 MP: 2/2
   354 | D:1      | Reached XP level 3. HP: 28/29 MP: 3/3
   615 | D:1      | Reached skill level 5 in Dodging
  1262 | D:2      | Reached XP level 4. HP: 37/37 MP: 4/4
  1790 | D:3      | Found a radiant altar of Vehumet.
  1818 | D:3      | Reached XP level 5. HP: 29/42 MP: 5/5
  1978 | D:3      | Reached skill level 6 in Dodging
  2181 | D:3      | Noticed Natasha
  2200 | D:3      | Mangled by Natasha

Skill      XL: |  1  2  3  4  5 |
---------------+----------------+-----
Dodging        | 5 6 |  6.0
Fighting       | 4 |  4.1
Unarmed Combat | 4 |  4.2
Stealth        | |  2.1

Action                   |  1- 3 |  4- 6 || total
-------------------------+-------+-------++-------
Melee: Unarmed           |   123 |   113 ||   236
       Punch             |     2 |     4 ||     6
  Use: Scroll            |     2 |       ||     2
       Potion            |       |     3 ||     3
 Stab: Sleeping          |     5 |     7 ||    12
  Eat: Ration            |     1 |     1 ||     2
Armor: Robe              |    18 |    20 ||    38
Dodge: Dodged            |    88 |    79 ||   167
